AoeStats
← charles.lmiranda

Arabia

507645245Analyzed
3v3 RM · 13d ago on Sep 19, 2026· 61m 56s· 6 players
Game mode
Random Map
Map size
Normal (6 player)
Population
200
Speed
Normal
Resources
Standard
Victory
Conquest
Starting age
Dark Age
Ending age
Imperial Age
RankedLock teamsTeams togetherTeam positionsShared explorationLock speedFull tech treeHidden civsTurbo modeCheats
Victory
Defeat
🇨🇴 Bohemians · Colombia
930
+7
🇲🇾 Persians · Malaysia
585
+21
🇨🇳 Saracens · China
437
+25
🇧🇷 Khmer · Brazil
802
-22
🇧🇷 Japanese · Brazil
777
-21
🇨🇦 Huns · Canada
499
-12
Cowhorse
8:11 Loom
10:41 Feudal Age
11:33 Horse Collar
11:42 Double-Bit Axe
25:47 Bloodlines
29:00 Castle Age
31:30 Husbandry
31:55 Bow Saw
34:59 Wheelbarrow
34:25 Gold Mining
35:31 Heavy Plow
36:04 Hand Cart
40:02 Town Watch
42:03 Stone Mining
42:49 Gold Shaft Mining
42:59 Gold Shaft Mining
45:33 Imperial Age
45:44 Town Patrol
49:56 Conscription
49:58 Treadmill Crane
56:00 Bimaristan
56:01 Counterweights
59:33 Chemistry
58:55 Ballistics
58:45 Masonry
TigerishBoss76
7:54 Loom
10:32 Feudal Age
11:09 Double-Bit Axe
18:13 Castle Age
16:19 Horse Collar
19:17 Bow Saw
18:36 Crossbowman
19:47 Fletching
26:08 Forging
32:24 Imperial Age
32:58 Chemistry
37:16 Conscription
59:36 Bodkin Arrow
60:17 Iron Casting
61:06 Houfnice
saw_moss
4:58 Loom
11:07 Feudal Age
11:33 Town Watch
11:36 Double-Bit Axe
11:33 Horse Collar
11:52 Gold Mining
14:42 Arson
16:13 Stone Mining
29:50 Castle Age
29:59 Crossbowman
29:59 Elite Skirmisher
31:46 Thumb Ring
31:43 Squires
31:45 Town Patrol
32:11 Bow Saw
32:14 Bloodlines
32:04 Husbandry
32:49 Heavy Plow
32:49 Pikeman
33:36 Husbandry
35:45 Wheelbarrow
35:27 Caravan
37:43 Kamandaran
38:37 Light Cavalry
46:51 Hand Cart
47:27 Forging
47:17 Scale Mail Armor
47:18 Padded Archer Armor
47:08 Fletching
51:39 Gold Shaft Mining
51:21 Scale Barding Armor
51:34 Leather Archer Armor
51:14 Bodkin Arrow
55:44 Chain Mail Armor
55:49 Chain Barding Armor
56:06 Iron Casting
58:33 Ballistics
60:46 Imperial Age
58:29 Masonry
60:28 Onager
60:30 Heavy Scorpion
61:11 Herbal Medicine
61:51 Theocracy
61:59 Plate Mail Armor
62:04 Plate Barding Armor
62:01 Ring Archer Armor
62:31 Blast Furnace
62:12 Citadels
62:29 Conscription
thiagopri
10:47 Feudal Age
11:32 Man-at-Arms
14:55 Double-Bit Axe
15:26 Scale Mail Armor
15:46 Horse Collar
25:18 Castle Age
25:48 Elite Skirmisher
26:39 Thumb Ring
27:04 Chain Mail Armor
27:00 Forging
26:52 Padded Archer Armor
26:42 Fletching
26:52 Long Swordsman
27:17 Pikeman
28:29 Squires
30:02 Loom
37:52 Stone Mining
37:54 Gold Mining
43:49 Bow Saw
51:37 Imperial Age
59:17 Gold Shaft Mining
59:44 Elite Samurai
60:27 Yasama
charles.lmiranda
11:27 Feudal Age
14:10 Horse Collar
27:36 Man-at-Arms
31:53 Gold Mining
31:56 Stone Mining
32:01 Man-at-Arms
35:28 Bloodlines
57:58 Castle Age
s1d
9:41 Feudal Age
10:37 Double-Bit Axe
11:11 Horse Collar
11:00 Man-at-Arms
23:39 Castle Age
25:13 Heavy Plow
25:27 Bow Saw
25:28 Elite Skirmisher
25:28 Crossbowman
28:46 Wheelbarrow
28:26 Long Swordsman
30:45 Pikeman
31:11 Arson
31:39 Husbandry
32:44 Hand Cart
35:15 Gold Mining
35:19 Stone Mining
40:38 Stone Shaft Mining
40:39 Gold Shaft Mining
41:04 Tusk Swords
41:37 Loom
41:38 Town Watch
46:04 Imperial Age
49:58 Elite Battle Elephant
50:00 Cavalier
50:06 Halberdier
51:20 Arbalester
Connection lost

Rejoining the realm…

Still unreachable

The connection could not be restored.

Session expired

The server has moved on; the page needs a fresh start.